 Dungeon Crawl Stone Soup version 0.31-a0-177-g4aa6249778 (webtiles) character file.

Game seed: 14003251705707163515

73 BrainTurd the Poker (level 4, -2/38 HPs)
             Began as a Meteoran Monk on June 18, 2023.
             Was a Believer of Nemelex Xobeh.
             Slain by a gnoll
             ... wielding a +0 club
              (6 damage)
             ... on level 3 of the Dungeon.
             The game lasted 00:16:08 (1630 turns).

BrainTurd the Poker (Meteoran Monk)                 Turns: 1630, Time: 00:16:09

Health: -2/38      AC:  2    Str: 14    XL:     4   Next: 81%
Magic:  6/6        EV: 13    Int: 12    God:    Nemelex Xobeh [**....]
Gold:   97         SH:  0    Dex: 16    Spells: 2/3 levels left

rFire   . . .        n - +0 trident
rCold   + . .        d - orb {light}
rNeg    . . .        b - +0 robe
rPois   .            (no helmet)
rElec   .            (no cloak)
rCorr   .            (no gloves)
SInv    .            (no boots)
Will    .....        (no amulet)
Stlth   +            g - ring of protection from cold
HPRegen 0.26/turn    (no ring)
MPRegen 0.10/turn

%: no passive effects
@: glowing
A: sense surroundings 1, otherworldly, glowing, explore regen
a: Renounce Religion, Draw Escape, Draw Destruction, Draw Summoning


You were on level 3 of the Dungeon.
You worshipped Nemelex Xobeh.
Nemelex Xobeh was pleased with you.
You visited 1 branch of the dungeon, and saw 3 of its levels.

You collected 97 gold pieces.

Inventory:

Hand Weapons
 n - a +0 trident (weapon)
Armour
 b - a +0 robe (worn)
 d - an orb of light (worn)
 l - an orb of guile
Jewellery
 g - a ring of protection from cold (left hand)
Scrolls
 a - a scroll of enchant weapon {unknown}
 c - a scroll of fog {unknown}
 e - 2 scrolls of fear {unknown}
 f - 3 scrolls of enchant armour {unknown}
 i - 3 scrolls of teleportation {unknown}
 j - 5 scrolls of identify {unknown}
 k - a scroll of noise {unknown}
 m - a scroll of vulnerability {unknown}
Potions
 h - a potion of mutation {unknown}


   Skills:
 - Level 3.4 Fighting
 * Level 5.3 Polearms
 - Level 3.8 Dodging
 + Level 2.0 Invocations


You had 2 spell levels left.
You knew the following spells:

 Your Spells              Type           Power      Damage    Failure   Level
a - Slow                  Hex            0%         N/A       32%         1

Your spell library contained the following spells:

 Spells                   Type           Power      Damage    Failure   Level
 Sting                    Tmut/Pois      0%         1d3       32%         1
 Poisonous Vapours        Pois/Air       0%         N/A       45%         2
 Confusing Touch          Hex            0%         N/A       69%         3
 Vampiric Draining        Necr           0%         2d6       69%         3
 Olgreb's Toxic Radiance  Pois           0%         N/A       97%         4


Dungeon Overview and Level Annotations

Branches:
Dungeon (3/15) Zot: 632

Altars:
Nemelex Xobeh

Shops:
D:1 (


Innate Abilities, Weirdness & Mutations

You passively map a small area around you.
You are easily found by Zot.
You glow in the dark.
You regain HP and MP as you explore.


Message History

Your Invocations skill increases to level 2!
There is a stone staircase leading down here.
You climb downwards.
The gnoll shouts!
You hear an angry hiss.
The gnoll hits you from afar with a +0 halberd!
The gnoll barely misses you.
There is a stone staircase leading up here.
You draw a card...
You have drawn Pain.
Press: ? - help, Shift-Dir - straight line, f - gnoll
Aim: a gnoll, wielding a +0 halberd (haloed)
The gnoll convulses!
The gnoll hits you with a +0 club.
The gnoll hits you from afar with a +0 halberd!
A worm comes into view.
The frilled lizard hisses angrily.
Okay, then.
Okay, then.
Okay, then.
You draw a card...
You have drawn the Tomb.
Walls emerge from the floor!
The deck of cards glows with a rainbow of weird colours and disappears.
The gnoll hits you with a +0 club.
The gnoll hits you from afar with a +0 halberd.
* * * LOW HITPOINT WARNING * * *
Okay, then.
Okay, then.
You draw a card...
You have drawn Wild Magic.
Rocks fall onto the gnoll out of nowhere.
The air around the gnoll crackles with energy.
The gnoll seems to slow down.
Flickering shadows surround the worm!
The worm is drained!
You kill the worm!
The frilled lizard is caught in an explosion of flying shrapnel.
You kill the frilled lizard!
You feel a surge of magic. The gnoll hits you with a +0 club!
* * * LOW HITPOINT WARNING * * *
The gnoll barely misses you.
You draw a card...
You have drawn the Pentagram.
The gnoll hits you with a +0 club.
You die...
Your body glows slightly brighter and disappears.

* *, , , , , ,
, * * ** , * *
* , , ,
#.#######
#)..gg@## *
#######4# ##h##
, * #...# **
..l............
######...######
* * ##.## #.# *
#.#


You could see a chaos spawn (summoned, ally target), 2 gnolls and a friendly
hell hound (summoned).

Vanquished Creatures
  An adder (D:2)
  2 worms
  4 ball pythons
  5 bats
  5 endoplasms
  3 giant cockroaches
  4 goblins
  5 hobgoblins
  3 jackals (D:2)
  A quokka (D:1)
  2 frilled lizards
  6 kobolds
  4 rats
45 creatures vanquished.

Vanquished Creatures (collateral kills)
  An adder (D:2)
1 creature vanquished.

Grand Total: 46 creatures vanquished

Notes
Turn   | Place    | Note
-------+----------+-------------------------------------------
     0 | D:1      | BrainTurd the Meteoran Monk began the quest for the Orb.
     0 | D:1      | Reached XP level 1. HP: 19/19 MP: 2/2
   138 | D:1      | Reached XP level 2. HP: 25/26 MP: 3/3
   189 | D:1      | Reached skill level 4 in Polearms
   260 | D:1      | Found Mosent's Antique Weapon Boutique.
   579 | D:2      | Found a sparkling altar of Nemelex Xobeh.
   613 | D:2      | Reached XP level 3. HP: 29/31 MP: 4/4
   616 | D:2      | Became a worshipper of Nemelex Xobeh the Trickster
   616 | D:2      | Reached * piety under Nemelex Xobeh
   616 | D:2      | Received a gift from Nemelex Xobeh
   616 | D:2      | Reached ** piety under Nemelex Xobeh
   759 | D:2      | Reached skill level 1 in Invocations
   845 | D:2      | Reached XP level 4. HP: 25/38 MP: 5/5
   959 | D:2      | Reached skill level 5 in Polearms
  1441 | D:3      | Learned a level 1 spell: Slow
  1578 | D:3      | Noticed a scorpion
  1630 | D:3      | Noticed a chaos spawn
  1630 | D:3      | Slain by a gnoll

Illustrated notes

Levels and vault maps discovered:
D:1:      psy_arrival_fountain, layout_rooms, serial_shops, shop,
          chequers_serial_rivers_micro_c
D:2:      layout_basic, basic_altar, minmay_tetromino_t2
D:3:      layout_loops_ring, uniq_jessica, uniq_terence, uniq_natasha

Skill      XL: |  1  2  3  4 |
---------------+-------------+-----
Polearms       | 4 5 |  5.3
Invocations    | 1 2 |  2.0
Fighting       | |  3.4
Dodging        | |  3.8

Action                     |  1- 3 |  4- 6 || total
---------------------------+-------+-------++-------
  Melee: Spear             |    97 |    44 ||   141
         Trident           |       |    18 ||    18
 Invoke: Draw Escape       |     1 |     1 ||     2
         Draw Summoning    |     1 |     1 ||     2
         Draw Destruction  |       |     2 ||     2
    Use: Potion            |     2 |       ||     2
   Stab: Sleeping          |       |     1 ||     1
 Armour: Robe              |    13 |     9 ||    22
  Dodge: Dodged            |    37 |    36 ||    73

Table legend: (Time is in decaauts)
 A = Elapsed time spent in this place.
 B = Non-inter-level travel time spent in this place.
 C = Inter-level travel time spent in this place.
 D = Time resting spent in this place.
 E = Time spent auto-exploring this place.
 F = Levels seen in this place.
 G = Mean time per level.
                   A        B        C        D        E       F      G
               +--------+--------+--------+--------+--------+-----+--------+
         Total |   1616 |   1460 |    156 |     25 |   1023 |   3 |  538.7 |
       Dungeon |   1616 |   1460 |    156 |     25 |   1023 |   3 |  538.7 |
               +--------+--------+--------+--------+--------+-----+--------+

Top non-repeatable levels by time:
     D:2: 932 daAuts
     D:1: 543 daAuts
     D:3: 140 daAuts
